 Dungeon Crawl Stone Soup version 0.29-a0-330-g52719c12eb (webtiles) character file.

Game seed: 4494428956526027006

3437 Aelig the Jinx (level 9, -1/52 HPs)
             Began as a Vampire Enchanter on May 21, 2022.
             Was a Follower of Wu Jian.
             Slain by a killer bee (4 damage)
             ... on level 9 of the Dungeon.
             The game lasted 00:20:45 (7299 turns).

Aelig the Jinx (Vampire Enchanter)                  Turns: 7299, Time: 00:20:46

Health: -1/52      AC: 11    Str: 12    XL:     9   Next: 77%
Magic:  0/15       EV: 12    Int: 22    God:    Wu Jian [*.....]
Gold:   362        SH:  0    Dex: 14    Spells: 3/16 levels left

rFire   . . .      SeeInvis +   a - +5 dagger of Fedhas's Scorn {freeze, Fragile rCorr Str+5}
rCold   + + .      Faith    .   (no shield)
rNeg    + + +      Spirit   .   u - +2 robe
rPois   ∞          Reflect  .   y - +2 helmet
rElec   .          Harm     .   x - +0 cloak
rCorr   +          Rampage  .   (no gloves)
Will    .....                   g - +2 pair of boots
Stlth   ++++++....              (no amulet)
HPRegen 0.00/turn               (no ring)
MPRegen 0.14/turn               (no ring)

@: bloodless, inhibited regen
A: bloodless, fangs 3, see invisible, vampiric 2
a: Bat Form, Revivify, Renounce Religion


You were on level 9 of the Dungeon.
You worshipped Wu Jian.
Wu Jian was aware of your devotion.
You visited 1 branch of the dungeon, and saw 9 of its levels.

You collected 362 gold pieces.

Inventory:

Hand Weapons
 a - the +5 dagger of Fedhas's Scorn (weapon) {freeze, Fragile rCorr Str+5}
   (You found it on level 6 of the Dungeon)

   It freezes those it strikes, dealing additional cold damage.
   It can also slow down cold-blooded creatures.
   Str:       It affects your strength (+5).
   rCorr:     It protects you from acid and corrosion.
   Fragile:   It will be destroyed if unequipped.
 j - a +2 whip of electrocution
Missiles
 f - 248 stones (quivered)
Armour
 g - a +2 pair of boots (worn)
 u - a +2 robe (worn)
 w - a +2 leather armour of willpower
 x - a +0 cloak (worn)
 y - a +2 helmet (worn)
Jewellery
 h - an amulet of magic regeneration
Wands
 D - a wand of paralysis (11)
 F - a wand of flame (13)
Scrolls
 d - 3 scrolls of teleportation
 e - 2 scrolls of brand weapon
 l - 2 scrolls of immolation
 m - a scroll of fog
 n - a scroll of fear
 o - 4 scrolls of magic mapping
 v - 2 scrolls of silence
 A - 2 scrolls of identify
 C - a scroll of blinking
Potions
 b - a potion of cancellation {unknown}
 c - 5 potions of invisibility
 i - 3 potions of brilliance
 k - a potion of ambrosia {unknown}
 p - 2 potions of flight {unknown}
 q - 3 potions of curing {unknown}
 r - 3 potions of lignification
 s - 4 potions of attraction {unknown}
 t - a potion of might {unknown}
 z - a potion of resistance {unknown}
 B - 3 potions of haste
 E - a potion of heal wounds {unknown}


   Skills:
 - Level 4.0 Fighting
 + Level 6.3 Short Blades
 - Level 2.1 Dodging
 + Level 10.3 Stealth
 - Level 4.0 Spellcasting
 - Level 1.0 Conjurations
 - Level 12.0 Hexes
 - Level 4.0 Translocations


You had 3 spell levels left.
You knew the following spells:

 Your Spells              Type           Power      Damage    Failure   Level
a - Ensorcelled Hibernat  Hex/Ice        60%        N/A       1%          2
b - Confusing Touch       Hex            55%        N/A       1%          3
c - Tukima's Dance        Hex            55%        N/A       1%          3
d - Dazzling Flash        Conj/Hex       66%        N/A       2%          3
k - Blink                 Tloc           44%        N/A       3%          2

Your spell library contained the following spells:

 Spells                   Type           Power      Damage    Failure   Level
 Iskenderun's Mystic Bla  Conj/Tloc      15%        2d5       36%         4
 Hailstorm                Conj/Ice       6%         3d4       65%         4
 Ice Form                 Ice/Tmut       4%         N/A       73%         4
 Simulacrum               Ice/Necr       2%         N/A       100%        6
 Dragon Form              Tmut           2%         N/A       100%        7
 Malign Gateway           Summ/Tloc      6%         N/A       100%        7
 Chain Lightning          Conj/Air       3%         3d4       100%        9
 Fire Storm               Conj/Fire      3%         8d1       100%        9
 Shatter                  Erth           2%         3d6*      100%        9


Dungeon Overview and Level Annotations

Branches:
Dungeon (9/15)             Temple (0/1) D:5
   Lair: D:8-11         Orc: D:9-12

Altars:
Ru
Trog
Wu Jian
The Shining One

Annotations:
D:7 Joseph


Innate Abilities, Weirdness & Mutations

You do not regenerate when monsters are visible.
You are frail without blood (-20% HP).
You can heal yourself when you bite living creatures.
You are immune to poison.
You have razor-sharp teeth.
You have supernaturally acute eyesight. (SInv)
You are afflicted with vampirism and can become a bat while bloodless.


Message History

Your hands begin to glow red.
The killer bee stings you.
The centaur hits you but does no damage.
The centaur kicks you.
* * * LOW HITPOINT WARNING * * *
The killer bee closely misses you.
You hit the centaur but do no damage.
The centaur appears confused.
The centaur is severely wounded.
The killer bee stings you.
* * * LOW HITPOINT WARNING * * *
The centaur closely misses you. The centaur misses you.
The killer bee barely misses you.
You completely miss the centaur.
The centaur is severely wounded.
The centaur hits you but does no damage.
The centaur closely misses you. The killer bee stings you.
* * * LOW HITPOINT WARNING * * *
You hit the centaur but do no damage. You bite the centaur.
You draw the centaur's blood!
You feel better.
The centaur is severely wounded.
The killer bee completely misses you. The killer bee barely misses you.
You hit the centaur. You freeze the centaur.
You kill the centaur!
The Council accepts your kill. The killer bee closely misses you.
The killer bee misses you.
You hit the killer bee. You freeze the killer bee.
The killer bee is heavily wounded.
The killer bee closely misses you.
You miss the killer bee.
The killer bee is heavily wounded.
The killer bee stings you but does no damage.
The killer bee stings you!
* * * LOW HITPOINT WARNING * * *
Casting: Confusing Touch (safe; 1% risk of failure)
Confirm with . or Enter, or press ? or * to list all spells.
Aiming: Ensorcelled Hibernation (safe; 1% risk of failure)
Press: ? - help, Shift-Dir - straight line, f - killer bee
Aim: a killer bee (heavily wounded, chance to affect: 68%)
The killer bee struggles to resist.
The killer bee stings you.
You die...

### #.. #..
####################..
#....@y.†.............
#..#.).#...#...#...#..
#_................|...
#..#...#...#...#...#..
#.......(.............
######################
#..................
#..................
#..................


You could see a killer bee.

Vanquished Creatures
  Prince Ribbit (D:9)
  Sigmund (D:3)
  A wraith (D:9)
  2 steam dragons (D:8)
  A water moccasin (D:8)
  A sky beast (D:7)
  An ogre (D:4)
  A centaur (D:9)
  3 phantoms
  A kobold brigand (D:8)
  4 scorpions
  A bullfrog (D:8)
  A gnoll sergeant (D:8)
  2 wights (D:6)
  4 killer bees (D:9)
  3 howler monkeys
  5 hounds
  A gnoll shaman (D:5)
  5 orc priests
  4 jellies
  8 iguanas
  6 orc wizards
  Robin (D:3)
  12 gnolls
  7 adders
  A shadow imp (D:8)
  2 white imps
  4 ufetubi
  4 worms
  3 dart slugs
  16 orcs
  11 endoplasms
  2 giant cockroaches
  12 goblins
  8 hobgoblins
  13 jackals
  2 quokkas
  8 ball pythons
  7 bats
  2 frilled lizards (D:1)
  9 kobolds
  2 rats
183 creatures vanquished.

Vanquished Creatures (collateral kills)
  A wight (D:6)
  5 gnolls (D:5)
  An orc (D:5)
7 creatures vanquished.

Vanquished Creatures (others)
  5 dancing weapons
5 creatures vanquished.

Grand Total: 195 creatures vanquished

Notes
Turn   | Place    | Note
-------+----------+-------------------------------------------
     0 | D:1      | Aelig the Vampire Enchanter began the quest for the Orb.
     0 | D:1      | Reached XP level 1. HP: 13/13 MP: 3/3
   121 | D:1      | Reached XP level 2. HP: 15/19 MP: 5/5
   137 | D:1      | Learned a level 2 spell: Ensorcelled Hibernation
   954 | D:1      | Gained mutation: You are afflicted with vampirism and can
                  | become a bat while bloodless. [Vampire growth]
   954 | D:1      | Reached XP level 3. HP: 19/19 MP: 6/6
  1044 | D:2      | Reached skill level 5 in Stealth
  1044 | D:2      | Reached skill level 5 in Hexes
  1049 | D:2      | Learned a level 3 spell: Confusing Touch
  1700 | D:2      | Reached XP level 4. HP: 24/24 MP: 8/8
  2098 | D:3      | Noticed Sigmund
  2387 | D:3      | Noticed Robin
  2448 | D:3      | Killed Robin
  2556 | D:3      | Reached skill level 6 in Hexes
  2556 | D:3      | Reached XP level 5. HP: 23/28 MP: 4/9
  2594 | D:3      | Learned a level 3 spell: Tukima's Dance
  2668 | D:3      | Killed Sigmund
  2669 | D:3      | Reached skill level 7 in Hexes
  2669 | D:3      | Reached XP level 6. HP: 32/32 MP: 9/12
  2795 | D:4      | Reached skill level 8 in Hexes
  2904 | D:4      | Reached skill level 9 in Hexes
  2915 | D:4      | Reached XP level 7. HP: 36/36 MP: 13/13
  3343 | D:4      | Learned a level 3 spell: Dazzling Flash
  3391 | D:4      | Reached skill level 10 in Hexes
  3696 | D:4      | Got the Papyrus of the Mutagenic Traveller
  3823 | D:4      | Reached skill level 1 in Fighting
  3826 | D:4      | Learned a level 2 spell: Blink
  4182 | D:5      | Entered Level 5 of the Dungeon
  4291 | D:5      | Reached skill level 1 in Translocations
  4306 | D:5      | Reached XP level 8. HP: 34/43 MP: 8/14
  4343 | D:5      | Found an ornate altar of the Wu Jian Council.
  4349 | D:5      | Became a worshipper of the Wu Jian Council
  4585 | D:5      | Found a staircase to the Ecumenical Temple.
  4765 | D:5      | Found a bloodstained altar of Trog.
  5257 | D:6      | Identified the +5 dagger of Fedhas's Scorn {freeze, Fragile
                  | rCorr Str+5}
  5336 | D:6      | Reached skill level 1 in Conjurations
  5352 | D:6      | Reached skill level 11 in Hexes
  5440 | D:6      | Reached * piety under Wu Jian
  5734 | D:6      | Identified the +7 short sword of Qazlal's Castigation
                  | {freeze, *Slow rC++ Will- SInv}
  6116 | D:7      | Reached XP level 9. HP: 51/51 MP: 12/15
  6146 | D:7      | Noticed a boulder beetle
  6197 | D:7      | Noticed Joseph
  6591 | D:8      | Reached skill level 5 in Short Blades
  7109 | D:9      | Noticed Prince Ribbit
  7116 | D:9      | Killed Prince Ribbit
  7117 | D:9      | Reached skill level 12 in Hexes
  7275 | D:9      | Reached skill level 10 in Stealth
  7275 | D:9      | Found a sacrificial altar of Ru.
  7299 | D:9      | Slain by a killer bee

Illustrated notes

Levels and vault maps discovered:
D:1:      minmay_arrival_up_and_down, layout_basic
D:2:      layout_basic, minmay_misc_feat_alley, minmay_quantized
D:3:      layout_rooms, minmay_misc_feat_chi, minmay_hedge_maze, uniq_sigmund,
          uniq_robin
D:4:      layout_cave_pods
D:5:      layout_basic, lemuel_tele_altar, lemuel_crystal_altar,
          minmay_temple_entry_large_hall, grunt_ministairs_6,
          nicolae_zen_rock_garden
D:6:      layout_layer_cave, nicolae_tso_carved_into_rock
D:7:      layout_rooms, nzn_random_ring, uniq_joseph
D:8:      layout_loops_cross, minivault_22
D:9:      layout_irregular_city, lemuel_coloured_pillars_altar,
          minmay_misc_feat_more_columns, minmay_checkerbox, uniq_prince_ribbit1

Skill      XL: |  1  2  3  4  5  6  7  8  9 |
---------------+----------------------------+-----
Short Blades   | 2 3 4 6 |  6.3
Stealth        | 5 6 8 10 | 10.3
Hexes          | 5 6 7 9 10 11 12 | 12.0
Spellcasting   | 3 4 |  4.0
Fighting       | 1 3 4 |  4.0
Translocations | 1 2 4 |  4.0
Conjurations   | 1 |  1.0
Dodging        | |  2.1

Action                   |  1- 3 |  4- 6 |  7- 9 || total
-------------------------+-------+-------+-------++-------
Melee: Dagger            |    90 |   116 |   254 ||   460
       Bite              |     6 |     8 |    27 ||    41
       Punch             |       |     2 |     2 ||     4
Throw: Stone             |       |       |     1 ||     1
 Cast: Ensorcelled Hiber |     6 |    24 |    61 ||    91
       Tukima's Dance    |       |       |    22 ||    22
       Confusing Touch   |       |       |    16 ||    16
       Dazzling Flash    |       |       |     7 ||     7
Invok: Lunge             |       |       |    32 ||    32
       Whirlwind         |       |       |     6 ||     6
 Abil: Exsanguinate      |     1 |       |       ||     1
  Use: Scroll            |       |     4 |     8 ||    12
 Stab: Sleeping          |    23 |    29 |    62 ||   114
       Distracted        |     1 |       |       ||     1
       Confused          |       |       |    12 ||    12
       Invisible         |       |       |     4 ||     4
Armor: Robe              |    18 |    42 |    85 ||   145
Dodge: Dodged            |    43 |    70 |   179 ||   292

Table legend: (Time is in decaauts)
 A = Elapsed time spent in this place.
 B = Non-inter-level travel time spent in this place.
 C = Inter-level travel time spent in this place.
 D = Time resting spent in this place.
 E = Time spent auto-exploring this place.
 F = Levels seen in this place.
 G = Mean time per level.
                   A        B        C        D        E       F      G
               +--------+--------+--------+--------+--------+-----+--------+
         Total |   7257 |   6877 |    380 |    572 |   4095 |   9 |  806.3 |
       Dungeon |   7257 |   6877 |    380 |    572 |   4095 |   9 |  806.3 |
               +--------+--------+--------+--------+--------+-----+--------+

Top non-repeatable levels by time:
     D:4: 1249 daAuts
     D:3: 1044 daAuts
     D:1: 1025 daAuts
     D:5: 965 daAuts
     D:6: 919 daAuts
     D:2: 894 daAuts
     D:8: 525 daAuts
     D:7: 349 daAuts
     D:9: 284 daAuts
